 Dungeon Crawl Stone Soup version 0.31.0-11-ge490571c62 (webtiles) character file.

Game seed: 1417247015260084245

58 qw the Shooter (level 3, -1/20 HPs)
             Began as a Deep Elf Hunter on Feb 5, 2024.
             Slain by a goblin
             ... wielding a +0 club
             ... led by Robin
              (3 damage)
             ... on level 2 of the Dungeon.
             The game lasted 00:00:48 (1125 turns).

qw the Shooter (Deep Elf Hunter)                    Turns: 1125, Time: 00:00:50

Health: -1/20      AC:  6    Str: 10    XL:     3   Next: 76%
Magic:  5/5        EV:  9    Int: 13    God:
Gold:   100        SH:  0    Dex: 18    Spells: 2/2 levels left

rFire   . . .        a - +0 shortbow
rCold   . . .        (shield currently unavailable)
rNeg    . . .        g - +0 scale mail
rPois   .            (no helmet)
rElec   .            (no cloak)
rCorr   .            (no gloves)
SInv    .            (no boots)
Will    .....        (no amulet)
Stlth   +            (no ring)
HPRegen 0.23/turn    (no ring)
MPRegen 0.09/turn

%: no passive effects
@: no status effects
A: no striking features
a: no special abilities


You were on level 2 of the Dungeon.
You visited 1 branch of the dungeon, and saw 2 of its levels.

You collected 100 gold pieces.


   Skills:
 - Level 1.5 Fighting
 + Level 7.2 Ranged Weapons
 - Level 2.4 Dodging
 - Level 1.2 Stealth


You had 2 spell levels left.
You didn't know any spells.
Your spell library was empty.

Inventory:

Hand Weapons
 a - a +0 shortbow (weapon)
Armour
 f - a scarf of repulsion
 g - a +0 scale mail (worn)
Jewellery
 c - a ring of willpower
Scrolls
 b - 3 scrolls of immolation {unknown}
 d - a scroll of teleportation {unknown}
 e - a scroll of identify
 i - a scroll of enchant armour {unknown}
 k - a scroll of revelation {unknown}
Potions
 h - a potion of lignification {unknown}
 j - a potion of enlightenment {unknown}

Dungeon Overview and Level Annotations

Branches:
Dungeon (2/15)

Altars:
Makhleb

Annotations:
D:2 Robin


Message History

Robin of the Strong Arm comes into view.
They are wielding a +0 mace.
A goblin comes into view. It is wielding a +0 club.
You shoot an arrow.
Robin shouts!
The goblin shouts!
The arrow hits the goblin.
You kill the goblin!
You hear a shout!
Robin roars a battlecry!
The goblins go into a battle-frenzy!
A goblin comes into view. It is wielding a +0 club.
A goblin comes into view. It is wielding a +0 dagger.
A goblin comes into view. It is wielding a +0 club. x2
A hobgoblin comes into view.
The goblin moves out of view.
The hobgoblin shouts!
You shoot an arrow. The goblin shouts! x2
The arrow hits the hobgoblin.
The hobgoblin is severely wounded.
You hear a shout!
Robin throws the goblin at you! The goblin hits you but does no damage.
A hobgoblin comes into view.
You shoot an arrow. The arrow hits the goblin!
You kill the goblin!
A hobgoblin comes into view.
Robin throws the goblin at you!
The hobgoblin moves out of view.
You shoot an arrow.
The arrow completely misses the hobgoblin.
The goblin hits you but does no damage. The hobgoblin barely misses you.
You shoot an arrow. The arrow hits the hobgoblin.
You kill the hobgoblin!
The goblin hits you with a +0 club. The goblin misses you.
You shoot an arrow. The arrow closely misses the goblin.
The goblin closely misses you. Robin throws the goblin at you!
The goblin barely misses you. The goblin hits you with a +0 club.
The goblin hits you but does no damage. x2; The goblin hits you with a +0 club.
The goblin barely misses you.
You shoot an arrow. The arrow barely misses the goblin.
The goblin hits you with a +0 club. x2
You die...

##.................
#..##.#...%###.##.#
###..##.#.##.###
##.# g
'.....##..........
...
..####.........###..
...
.)...........#.###
.###.
....g.............
....
....)ggg##..##.###
... ###g@g.........
##. #.g###.#..##.
###. #...
........#..... #....
.#.......# #.
................. .
......... .#.)....##
............. #.....
##.##..##.#. ##....#
.....:.


You could see Robin, 3 hobgoblins and 4 goblins.

Vanquished Creatures
  2 adders (D:2)
  2 dart slugs
  5 ball pythons
  2 endoplasms
  A giant cockroach (D:1)
  7 goblins
  5 hobgoblins
  2 quokkas (D:1)
  2 bats (D:1)
  4 frilled lizards
  A kobold (D:1)
  2 rats (D:1)
35 creatures vanquished.

Notes
Turn   | Place    | Note
-------+----------+-------------------------------------------
     0 | D:1      | qw the Deep Elf Hunter began the quest for the Orb.
     0 | D:1      | Reached XP level 1. HP: 12/12 MP: 3/3
     0 | D:1      | 0 ||| qw: Version: 0.3-a-160-g6735b56
     0 | D:1      | 0 ||| qw: Game counter: 6389
     0 | D:1      | 0 ||| qw: Melee chars always use a shield: true
     0 | D:1      | 0 ||| qw: God list: Okawaru
     0 | D:1      | 0 ||| qw: Allow faded altars: false
     0 | D:1      | 0 ||| qw: Do Orc after clearing Dungeon:15 true
     0 | D:1      | 0 ||| qw: Do second Lair branch before Depths: true
     0 | D:1      | 0 ||| qw: Lair rune preference: random
     0 | D:1      | 0 ||| qw: Goals: Normal
     0 | D:1      | 0 ||| PLANNING D:1-11
   154 | D:1      | Reached XP level 2. HP: 16/16 MP: 4/4
   155 | D:1      | Reached skill level 6 in Ranged Weapons
   725 | D:1      | 725 ||| UPGRADING to +0 scale mail.
   735 | D:1      | 735 ||| DROPPING +0 leather armour.
   736 | D:1      | 736 ||| READING scroll labelled ISHOWY DOHOUKI.
   736 | D:1      | 736 ||| IDENTIFYING ruby potion
   737 | D:1      | 737 ||| READING scroll labelled KAMEGI JURCHOM.
   766 | D:1      | 766 ||| DROPPING scroll of butterflies.
   767 | D:1      | 767 ||| DROPPING potion of degeneration.
   842 | D:2      | Reached XP level 3. HP: 19/20 MP: 5/5
   948 | D:2      | Found a burning altar of Makhleb.
  1013 | D:2      | Reached skill level 7 in Ranged Weapons
  1118 | D:2      | Noticed Robin
  1124 | D:2      | HP: 5/20 [goblin/+0 club[Robin] (5)]
  1125 | D:2      | HP: 2/20 [goblin/+0 club[Robin] (4)]
  1125 | D:2      | Slain by a goblin

Levels and vault maps discovered:
D:1:      dpeg_arrival_three_same_balls, layout_loops_ring,
          dreamdust_princess_corridor, minmay_tree_intersection,
          amethyst_killhole
D:2:      layout_basic, basic_altar, grunt_decor_junction, uniq_robin

Skill      XL: |  1  2  3 |
---------------+----------+-----
Ranged Weapons | 6 7 |  7.2
Fighting       | |  1.5
Dodging        | |  2.4
Stealth        | |  1.2

Action                     || total
---------------------------++-------
   Fire: Shortbow          ||    78
    Use: Scroll            ||     2
 Armour: Scale mail        ||    17
         Leather armour    ||     4
  Dodge: Dodged            ||    12

Table legend:
 A = Non-vault XP
 B = Vault XP
 C = Vault XP percentage of total XP
 D = Non-vault monster count
 E = Vault monster count
 F = Vault count percentage of total count
                 A         B        C        D         E       F
            +---------+---------+-------+---------+---------+-------
      Total |      75 |       9 |  10.7 |      30 |       5 |  14.3
            +---------+---------+-------+---------+---------+-------
        D:1 |      35 |       0 |   0.0 |      20 |       0 |   0.0
        D:2 |      40 |       9 |  18.4 |      10 |       5 |  33.3
            +---------+---------+-------+---------+---------+-------
